Map: Blackpink LE

Players

Guru - Winner!

  • Race: Zerg Zerg
  • Spawn Location: 7:00

ssy

  • Race: Zerg Zerg
  • Spawn Location: 1:00

Event: WCS Leipzig 2018

VOD

Have the link to the VOD?

Description

Time

  • Played on: Jan. 26, 2018, 7:30 a.m.
  • Length: 10:38

All games in this series

Show
View Real Time Build Order
Export as new Build Order

Guru Zerg - Winner!

Build Orders: Hatch First, Zergling Baneling 

Get SALT Encoding   

  12  0:01  Drone  
  13  0:12  Overlord  
  13  0:18  Drone  
  14  0:31  Drone x2  
  14  0:35  Drone  
  17  0:53  Hatchery  
  17  0:55  Drone  
  17  0:58  Drone  
  18  1:08  Extractor  
  17  1:14  Spawning Pool  
  17  1:17  Drone  
  17  1:20  Drone  
  18  1:28  Drone  
  19  2:00  Queen  
  19  2:01  Zergling x2  
  22  2:04  Queen  
  22  2:06  Zergling x4  
  26  2:10  Drone, Metabolic Boost  
  26  2:12  Zergling x2  
  28  2:26  Hatchery  
  28  2:29  Drone  
  28  2:33  Overlord  
  28  2:42  Overlord  
  28  2:52  Drone x3  
  31  3:03  Baneling Nest  
  30  3:08  Drone  
  30  3:09  Drone  
  30  3:11  Zergling x8  
  30  3:12  Zergling x2  
  37  3:15  Drone  
  37  3:18  Drone  
  39  3:22  Zergling x4  
  39  3:24  Zergling x2  
  42  3:31  Overlord  
  42  3:40  Overlord  
  42  3:43  Drone x2  
  42  3:46  Drone x3  
  47  3:51  Baneling x2  
  47  3:56  Drone x4  
  47  3:59  Baneling  
  47  4:00  Baneling  
  50  4:10  Drone x4  
  50  4:11  Drone x2  
  56  4:20  Roach Warren  
  56  4:22  Drone x2, Extractor  
  56  4:23  Drone, Extractor  
  56  4:29  Drone x2  
  57  4:32  Baneling x4  
  57  4:34  Drone x2  
  59  4:38  Overlord  
  59  4:46  Zergling x2  
  59  4:47  Zergling x2  
  59  4:50  Queen  
  62  4:52  Evolution Chamber  
  62  4:58  Overlord  
  62  4:59  Roach  
  63  5:01  Roach  
  63  5:02  Roach  
  66  5:18  Roach x6  
  66  5:19  Roach x2  
  80  5:29  Overlord  
  80  5:33  Overlord  
  80  5:35  Extractor, Zerg Missile Weapons Level 1  
  80  5:37  Drone  
  80  5:38  Drone  
  79  5:44  Ravager  
  79  5:47  Drone x4  
  84  5:50  Drone  
  84  5:52  Drone  
  84  5:53  Queen  
  84  5:54  Overlord  
  86  6:03  Drone x2  
  89  6:04  Roach x3  
  89  6:08  Roach  
  89  6:09  Roach x2  
  94  6:13  Roach  
  94  6:14  Spine Crawler  
  94  6:16  Roach  
  97  6:20  Ravager x2  
  97  6:21  Roach  
  97  6:24  Roach x2  
  105  6:32  Ravager  
  106  6:36  Roach  
  106  6:39  Roach x3  
  100  6:44  Roach x2  
  95  6:47  Roach  
  95  6:49  Roach  
  95  6:52  Roach  
  95  6:53  Roach  
  93  6:59  Roach  
  93  7:00  Roach x2  
  93  7:01  Queen  
  94  7:02  Overlord  
  94  7:05  Drone x4  
  94  7:06  Drone  
  101  7:10  Lair  
  101  7:13  Roach x2  
  101  7:15  Overlord  
  105  7:19  Overlord  
  105  7:21  Drone  
  106  7:26  Roach  
  106  7:28  Roach  
  106  7:29  Roach  
  114  7:30  Roach  
  114  7:33  Roach x3  
  114  7:34  Roach  
  122  7:38  Roach  
  122  7:39  Roach  
  122  7:40  Roach x2  
  130  7:52  Overlord  
  130  7:56  Hatchery, Overlord x2  
  129  8:01  Overlord  
  129  8:06  Zerg Ground Armor Level 1, Glial Reconstitution  
  129  8:08  Overlord  
  129  8:11  Roach x3  
  135  8:14  Roach  
  135  8:17  Roach x2  
  141  8:21  Roach x2  
  141  8:25  Roach  
  141  8:26  Roach  
  149  8:29  Roach  
  149  8:40  Drone  
  140  8:42  Extractor  
  140  8:44  Drone x3, Extractor  
  140  8:45  Drone x3  
  140  8:46  Roach x4  
  152  8:50  Roach x2  
  152  8:54  Roach  
  158  8:56  Roach x3  
  158  8:57  Roach  
  158  8:59  Roach  
  168  9:04  Roach  
  168  9:05  Overlord  
  168  9:06  Overlord  
  170  9:10  Roach x2  
  170  9:15  Roach  
  176  9:17  Overseer  
  176  9:18  Overlord  
  176  9:26  Roach  
  176  9:27  Roach x4  
  176  9:28  Roach  
  176  9:30  Roach  
  186  9:36  Roach x2  
  186  9:37  Roach  
  172  9:39  Roach x2  
  172  9:43  Roach  
  166  9:46  Roach x2  
  166  9:49  Roach  
  166  9:50  Roach  
  166  9:52  Roach  
  168  9:55  Roach x2  
  168  9:57  Roach  
  168  9:58  Roach  
  148  10:05  Roach x4  
  140  10:07  Roach  
  140  10:09  Roach  
  140  10:12  Roach  
Show
View Real Time Build Order
Export as new Build Order

ssy Zerg 

Build Orders: Hatch First 

Get SALT Encoding   

  12  0:00  Drone  
  13  0:12  Overlord  
  13  0:20  Drone  
  14  0:32  Drone x2  
  14  0:35  Drone  
  17  0:51  Hatchery  
  17  0:54  Drone  
  17  0:58  Drone  
  18  1:08  Extractor  
  17  1:13  Spawning Pool  
  17  1:15  Drone  
  17  1:18  Drone  
  18  1:28  Drone  
  19  1:44  Overlord  
  19  1:59  Queen  
  19  2:00  Zergling x2  
  22  2:02  Zergling x2  
  22  2:03  Queen  
  22  2:05  Zergling x2  
  22  2:07  Metabolic Boost  
  26  2:11  Drone  
  26  2:15  Drone  
  28  2:22  Drone  
  29  2:25  Drone  
  29  2:29  Baneling Nest  
  29  2:33  Drone  
  30  2:45  Drone x2  
  32  2:51  Hatchery  
  32  2:54  Drone  
  32  2:58  Overlord  
  32  3:02  Drone  
  32  3:05  Drone  
  34  3:12  Zergling x4  
  36  3:16  Zergling x4  
  36  3:18  Drone  
  40  3:20  Drone  
  40  3:23  Overlord  
  40  3:26  Zergling x2  
  41  3:28  Drone  
  42  3:36  Baneling x2  
  42  3:38  Drone, Evolution Chamber  
  41  3:44  Zergling x4  
  41  3:46  Zergling x2  
  41  3:47  Zergling x4  
  46  3:51  Zergling x4  
  48  3:59  Baneling  
  48  4:00  Baneling x2  
  48  4:01  Zergling x4  
  48  4:10  Baneling x2  
  48  4:12  Drone  
  49  4:24  Zergling x16  
  56  4:31  Overlord  
  56  4:32  Zerg Ground Armor Level 1  
  56  4:36  Zergling x4  
  58  4:39  Roach Warren  
  58  4:41  Drone x3  
  50  5:24  Roach x5  
  59  5:35  Roach, Overlord x2  
  58  5:36  Zergling x14  
  58  5:38  Overlord  
  58  5:40  Queen  
  65  5:44  Zergling x4  
  65  5:52  Zergling x4  
  65  5:56  Ravager  
  67  6:00  Zergling x12  
  72  6:06  Zergling x2  
  72  6:07  Zergling x2  
  72  6:08  Zergling x6  
  77  6:15  Zergling x8  
  81  6:20  Hatchery  
  81  6:23  Zergling x4  
  82  6:30  Zergling x2  
  78  6:37  Zergling x8  
  74  6:41  Zergling x2  
  74  6:44  Zergling x2  
  68  6:52  Zergling x6  
  64  7:01  Zergling x4  
  64  7:02  Zerg Missile Weapons Level 1  
  64  7:05  Drone x4  
  67  7:12  Ravager  
  67  7:14  Zergling x2  
  69  7:18  Drone x2  
  69  7:20  Drone x3  
  69  7:21  Zergling x10  
  79  7:29  Baneling x2  
  79  7:30  Zergling x6  
  79  7:31  Zergling x4  
  79  7:35  Roach  
  79  7:36  Drone, Roach  
  79  7:37  Drone x5  
  95  7:44  Zergling x4  
  95  7:45  Overlord x2  
  96  7:52  Extractor  
  96  7:53  Extractor  
  94  7:59  Drone  
  94  8:00  Drone  
  94  8:04  Drone x2  
  94  8:05  Drone x4  
  102  8:08  Drone x2  
  102  8:11  Drone, Overlord x2  
  105  8:13  Drone x2, Overlord  
  105  8:16  Lair  
  105  8:19  Zergling x4  
  109  8:23  Zergling x2  
  109  8:24  Zergling x4  
  104  8:35  Roach x5  
  104  8:41  Roach  
  103  8:42  Overlord x3  
  103  8:45  Roach  
  105  8:52  Extractor  
  105  8:53  Roach x3, Extractor  
  109  8:58  Roach  
  109  8:59  Roach  
  113  9:03  Drone x3  
  113  9:05  Roach  
  113  9:06  Roach x2  
  123  9:10  Roach  
  123  9:13  Roach  
  123  9:16  Roach  
  129  9:19  Roach  
  129  9:20  Zergling x6  
  129  9:21  Zergling x6  
  137  9:24  Roach x2  
  137  9:30  Zergling x2  
  137  9:31  Zergling x2, Roach x2  
  142  9:37  Zergling x4, Roach  
  112  9:46  Roach x5  
  112  9:47  Zergling x2  
  104  9:58  Roach  
  82  10:09  Roach  
  84  10:15  Roach x2  
  84  10:17  Roach  
Tags
 
Add a new tag
Caveats
  • Supply blocks, unpowered buildings, or Contaminate may cause inaccurate times.
  • Supply counts are checked every 10 seconds.